 Dungeon Crawl Stone Soup version 0.30-a0-218-gedb9141078 (webtiles) character file.

Game seed: 5784069197677172802

299 Essalna the Covered (level 6, 0/81 (82) HPs)
             Began as an Armataur Berserker on Oct 5, 2022.
             Was a Believer of Trog.
             Slain by a necrophage (2 damage)
             ... on level 4 of the Dungeon.
             The game lasted 00:02:00 (878 turns).

Essalna the Covered (Armataur Berserker)             Turns: 878, Time: 00:02:01

HP:   0/81 (82)     AC:  4    Str: 24    XL:     6   Next: 13%
MP:   6/6           EV:  9    Int:  7    God:    Trog [**....]
Gold: 69            SH:  0    Dex: 10    Spells: 5/5 levels left

rFire   . . .      SeeInvis .    a - +0 mace
rCold   . . .      Faith    .    (no shield)
rNeg    . . .      Spirit   .    b - +0 animal skin
rPois   .          Reflect  .    (no helmet)
rElec   .          Harm     .    (no cloak)
rCorr   .          Roll     +    (no gloves)
Will    .....                    (no barding)
Stlth   ..........               (no amulet)
HPRegen 0.33/turn                (no ring)
MPRegen 0.10/turn                (no ring)

@: berserking, lightly drained, very quick
A: large, rugged brown scales 3, deformed body, armoured tail, roll, long
tongue, awkward tongue
a: Renounce Religion, Berserk, Trog's Hand


You were on level 4 of the Dungeon.
You worshipped Trog.
Trog was pleased with you.
You visited 1 branch of the dungeon, and saw 3 of its levels.

You collected 69 gold pieces.

Inventory:

Hand Weapons
 a - a +0 mace (weapon)
Armour
 b - a +0 animal skin (worn)
Scrolls
 f - a scroll of identify {unknown}
Potions
 c - 3 potions of mutation {unknown}
 d - 5 potions of curing {unknown}
 e - a potion of magic {unknown}
 g - a potion of ambrosia {unknown}


   Skills:
 + Level 4.2 Fighting
 + Level 4.2 Maces & Flails
 + Level 4.9 Armour
 - Level 1.3 Dodging


You had 5 spell levels left.
You didn't know any spells.
Your spell library was empty.

Dungeon Overview and Level Annotations

Branches:
Dungeon (2/15)

Altars:


Innate Abilities, Weirdness & Mutations

You are completely covered in rugged brown scales. (AC +3, +7% HP)
Armour fits poorly on your strangely shaped body.
You have a long armoured tail.
You roll when moving toward enemies. (Rampage)
Your long tongue fully drains potion bottles. (2x potion effects)
Your tongue gives you trouble enunciating. (1.5x scroll delay)


Message History

You hit the howler monkey.
The howler monkey is heavily wounded.
The howler monkey hits you. The necrophage hits you.
The howler monkey hits you but does no damage.
You hit the howler monkey.
The howler monkey is severely wounded.
The howler monkey hits you.
A hobgoblin comes into view.
The necrophage barely misses you.
You hit the howler monkey.
You kill the howler monkey!
Trog accepts your kill. The necrophage hits you.
* * * LOW HITPOINT WARNING * * *
You have reached level 6!
You hit the necrophage.
The necrophage is lightly damaged.
The necrophage barely misses you. The necrophage hits you.
* * * LOW HITPOINT WARNING * * *
You barely miss the necrophage.
The necrophage is lightly damaged.
The necrophage hits you.
* * * LOW HITPOINT WARNING * * *
A red film seems to cover your vision as you go berserk!
You feel yourself moving faster!
You feel mighty! The necrophage hits you.
* * * LOW HITPOINT WARNING * * *
You barely miss the necrophage.
The necrophage is lightly damaged.
The necrophage hits you but does no damage.
You thump the necrophage! You tail-slap the necrophage!
The necrophage is severely damaged.
You barely miss the necrophage.
The necrophage is severely damaged.
The necrophage hits you but does no damage.
You barely miss the necrophage.
The necrophage is severely damaged.
The necrophage hits you!
* * * LOW HITPOINT WARNING * * *
You feel drained.
You die...

. #.# #. #####.# ...
.....##
#...#.)...#####
#^.h.........
####.......#
#<.........#
#.###.##'#########..
..........@ng...'..
####..#.#########..
#..#.# #..#.#
#####.>..#
#.....#### #.#...#
#.#.#.# #.#.#.#


You could see a necrophage and a hobgoblin.

Vanquished Creatures
  Sigmund (D:2)
  A scorpion (D:4)
  A howler monkey (D:4)
  3 dart slugs (D:1)
  3 ball pythons (D:1)
  2 endoplasms (D:1)
  A giant cockroach (D:1)
  5 goblins (D:1)
  A hobgoblin (D:1)
  4 jackals (D:1)
  3 kobolds (D:1)
  2 quokkas (D:1)
  5 bats (D:1)
  2 frilled lizards (D:1)
  A rat (D:1)
35 creatures vanquished.

Vanquished Creatures (others)
  4 fungi (D:2)
  3 plants (D:2)
  A withered plant (D:2)
8 creatures vanquished.

Grand Total: 43 creatures vanquished

Notes
Turn   | Place    | Note
-------+----------+-------------------------------------------
     0 | D:1      | Essalna the Armataur Berserker began the quest for the Orb.
     0 | D:1      | Reached XP level 1. HP: 19/19 MP: 1/1
   101 | D:1      | Reached XP level 2. HP: 26/26 MP: 2/2
   254 | D:1      | Reached ** piety under Trog
   328 | D:1      | Reached XP level 3. HP: 33/33 MP: 3/3
   725 | D:2      | Noticed Sigmund
   730 | D:2      | Killed Sigmund
   731 | D:2      | Reached XP level 4. HP: 42/42 MP: 4/4
   731 | D:2      | Reached XP level 5. HP: 49/49 MP: 5/5
   822 | D:2      | You fall into a shaft and drop 2 floors!
   872 | D:4      | Reached XP level 6. HP: 15/55 MP: 6/6
   878 | D:4      | HP: 2/82 [necrophage (7)]
   878 | D:4      | Slain by a necrophage

Illustrated notes

Levels and vault maps discovered:
D:1:      dpeg_arrival_three_bigger_balls, layout_basic, st_stairs_12
D:2:      layout_basic, shapermc_ecumenical_altar_gd, serial_park_tiny_pond,
          kennysheep_generic_room_16, uniq_sigmund
D:4:      layout_basic, minitemple

Skill      XL: |  1  2  3  4  5 |
---------------+----------------+-----
Fighting       | 3 4 |  4.2
Maces & Flails | 3 4 |  4.2
Armour         | 3 4 |  4.9
Dodging        | |  1.3

Action                   |  1- 3 |  4- 6 || total
-------------------------+-------+-------++-------
Melee: Mace              |    86 |    20 ||   106
       Tailslap          |     8 |     1 ||     9
Invok: Berserk           |     1 |     1 ||     2
Armor: Animal skin       |    28 |     6 ||    34
Dodge: Dodged            |    47 |     6 ||    53

Table legend: (Time is in decaauts)
 A = Elapsed time spent in this place.
 B = Non-inter-level travel time spent in this place.
 C = Inter-level travel time spent in this place.
 D = Time resting spent in this place.
 E = Time spent auto-exploring this place.
 F = Levels seen in this place.
 G = Mean time per level.
                   A        B        C        D        E       F      G
               +--------+--------+--------+--------+--------+-----+--------+
         Total |    911 |    907 |      4 |      0 |    688 |   3 |  303.7 |
       Dungeon |    911 |    907 |      4 |      0 |    688 |   3 |  303.7 |
               +--------+--------+--------+--------+--------+-----+--------+

Top non-repeatable levels by time:
     D:1: 746 daAuts
     D:2: 106 daAuts
     D:4: 58 daAuts
